 Dungeon Crawl Stone Soup version 0.29.1-15-g9cfb28693d (webtiles) character file.

Game seed: 10282581629657938709

48 buriedalive the Chiller (level 3, -8/19 HPs)
             Began as a Deep Elf Ice Elementalist on Apr 17, 2023.
             Killed by nerve-wracking pain
             ... invoked by Grinder
              (13 damage)
             ... while paralysed by Grinder
             ... on level 3 of the Dungeon.
             The game lasted 00:04:11 (3087 turns).

buriedalive the Chiller (Deep Elf Ice Elementalist) Turns: 3087, Time: 00:04:12

Health: -8/19      AC:  2    Str:  5    XL:     3   Next: 50%
Magic:  10/10      EV:  2    Int: 21    God:
Gold:   111        SH:  0    Dex: 15    Spells: 9/10 levels left

rFire   . . .      SeeInvis .   e - +2 dagger (pain)
rCold   . . .      Faith    .   (no shield)
rNeg    . . .      Spirit   .   a - +0 robe
rPois   .          Reflect  .   (no helmet)
rElec   .          Harm     .   (no cloak)
rCorr   .          Rampage  .   (no gloves)
Will    .....                   (no boots)
Stlth   ++........              (no amulet)
HPRegen 0.06/turn               (no ring)
MPRegen 0.12/turn               (no ring)

@: paralysed
A: no striking features
a: no special abilities


You were on level 3 of the Dungeon.
You visited 1 branch of the dungeon, and saw 3 of its levels.

You collected 111 gold pieces.

Inventory:

Hand Weapons
 e - a +2 dagger of pain (weapon)
Missiles
 f - 22 stones
Armour
 a - a +0 robe (worn)
 k - an orb of energy
Jewellery
 n - a ring of fire
Wands
 t - a wand of charming (10)
Scrolls
 c - 3 scrolls of brand weapon {unknown}
 g - 3 scrolls of identify {unknown}
 h - 2 scrolls of fear {unknown}
 j - 2 scrolls of enchant armour {unknown}
 l - 2 scrolls of butterflies {unknown}
 o - a scroll of vulnerability {unknown}
 r - a scroll of immolation {unknown}
 s - a scroll of magic mapping {unknown}
 u - 3 scrolls of teleportation {unknown}
 v - a scroll of torment {unknown}
Potions
 b - a potion of magic
 d - 3 potions of heal wounds {unknown}
 i - a potion of degeneration {unknown}
 m - a potion of attraction {unknown}
 p - a potion of flight {unknown}
 q - 2 potions of mutation {unknown}


   Skills:
 + Level 3.4 Dodging
 - Level 2.4 Stealth
 + Level 4.0 Spellcasting
 + Level 4.9 Ice Magic


You had 9 spell levels left.
You knew the following spells:

 Your Spells              Type           Power      Damage    Failure   Level
a - Freeze                Ice            96%        1d11      1%          1

Your spell library contained the following spells:

 Spells                   Type           Power      Damage    Failure   Level
 Frozen Ramparts          Ice            48%        1d8       4%          3
 Ozocubu's Armour         Ice            24%        N/A       4%          3
 Hailstorm                Conj/Ice       14%        3d5       41%         4


Dungeon Overview and Level Annotations

Branches:
Dungeon (3/15)

Altars:
Qazlal

Annotations:
D:3 Grinder


Message History

You completely miss the orc.
The orc is almost dead.
The orc barely misses you.
Casting: Freeze (safe; 1% risk of failure)
Confirm with . or Enter, or press ? or * to list all spells.
Aiming: Freeze (safe; 1% risk of failure)
Press: ? - help, Shift-Dir - straight line, f - orc
Aim: an orc, wielding a +0 hand axe (almost dead)
You freeze the orc.
You kill the orc!
Your Spellcasting skill increases to level 4!
You start resting.
Magic restored.
You start resting.
HP restored.
You now have 111 gold pieces (gained 13).
You see here a +0 hand axe.
u - 2 scrolls labelled JER YDUYMIEM No target in view!
u - 3 scrolls labelled JER YDUYMIEM (gained 1)
f - 22 stones (gained 3)
Found a stone staircase leading up.
Found a stone staircase leading down.
v - a scroll labelled FEVILA WOHAUCS Grinder comes into view.
Grinder shouts!
Grinder gestures at you.
You suddenly lose the ability to move!
You can move again.
Grinder says, "Don't move a muscle."
Grinder gestures at you. Pain shoots through your body!
Ouch! That really hurt!
* * * LOW HITPOINT WARNING * * *
Grinder gestures at you.
You suddenly lose the ability to move!
Grinder gestures at you. Pain shoots through your body!
Ouch! That really hurt!
You die...

############ #..........#
#..........#
######..........#
#..@............#
########.####..........#
.#.....5..####..........#
.....................#######
#.############.......# #..
###.>...####### #..
#.......## #.. .........##
#.. ..........# #..


You could see Grinder.

Vanquished Creatures
  A dart slug (D:1)
  An orc (D:3)
  5 bats
  5 endoplasms
  A giant cockroach (D:3)
  5 goblins
  4 hobgoblins
  2 jackals (D:3)
  2 kobolds (D:1)
  4 quokkas
  6 ball pythons
  4 rats
40 creatures vanquished.

Notes
Turn   | Place    | Note
-------+----------+-------------------------------------------
     0 | D:1      | buriedalive the Deep Elf Ice Elementalist began the quest
                  | for the Orb.
     0 | D:1      | Reached XP level 1. HP: 10/10 MP: 6/6
   151 | D:1      | Reached XP level 2. HP: 11/15 MP: 5/8
  1259 | D:2      | Reached XP level 3. HP: 19/19 MP: 10/10
  2616 | D:3      | Found a stormy altar of Qazlal.
  3078 | D:3      | Noticed Grinder
  3079 | D:3      | Paralysed by Grinder for 2 turns
  3084 | D:3      | Paralysed by Grinder for 5 turns
  3087 | D:3      | Killed from afar by Grinder

Illustrated notes

Levels and vault maps discovered:
D:1:      co_arrival_square_in_a_square_in_a_square, layout_loops_cross
D:2:      layout_basic
D:3:      layout_rooms, nicolae_qazlal_eye_of_the_storm, grunt_decor_resistance,
          dreamdust_princess_corridor, uniq_ijyb, uniq_grinder

Skill      XL: |  1  2  3 |
---------------+----------+-----
Dodging        | 3 |  3.4
Spellcasting   | 4 |  4.0
Stealth        | |  2.4
Ice Magic      | |  4.9

Action                   || total
-------------------------++-------
Melee: Dagger            ||   112
       Punch             ||     1
 Cast: Freeze            ||     7
 Stab: Sleeping          ||     9
Armor: Robe              ||    12
Dodge: Dodged            ||    88
